 Dungeon Crawl Stone Soup version 0.32-a0-290-g598725c5f2 (webtiles) character file.

Game seed: 11540961113463995915

25 kae the Changeling (level 2, -1/21 HPs)
             Began as a Demonspawn Shapeshifter on Feb 13, 2024.
             Slain by a kobold
             ... wielding a +0 club
              (3 damage)
             ... on level 1 of the Dungeon.
             The game lasted 00:00:22 (714 turns).

kae the Changeling (Demonspawn Shapeshifter)         Turns: 714, Time: 00:00:22

Health: -1/21      AC:  2    Str: 14    XL:     2   Next: 86%
Magic:  2/2        EV: 12    Int: 10    God:
Gold:   52         SH:  0    Dex: 12    Spells: 1/1 levels left

rFire   . .          .
                       - Unarmed
rCold   . . .        (no shield)
rNeg    . . .        a - +0 animal skin
rPois   .            (helmet currently unavailable)
rElec   .            (cloak currently unavailable)
rCorr   .            (gloves currently unavailable)
SInv    .            (boots currently unavailable)
Will    .....        (no amulet)
Stlth   +            (no ring)
HPRegen 0.23/turn    (no ring)
MPRegen 0.08/turn

%: no passive effects
@: beast-form
A: beast (slay +2), weakness stinger 1
a: Begin Untransformation


You were on level 1 of the Dungeon.
You were a hulking beast.
You visited 1 branch of the dungeon, and saw 1 of its levels.

You collected 52 gold pieces.


Innate Abilities, Weirdness & Mutations

You are a hulking beast.
Your limbs bulge with bestial killing power. (Slay +2)
You have a small tail.


   Skills:
 - Level 1.0 Fighting
 - Level 1.7 Dodging
 - Level 2.6 Unarmed Combat
 * Level 3.6 Shapeshifting


You had one spell level left.
You didn't know any spells.
Your spell library contained the following spells:

 Spells                   Type           Power      Damage    Failure   Level
 Blink                    Tloc           0%         N/A       50%         2
 Lesser Beckoning         Tloc           0%         N/A       50%         2
 Momentum Strike          Conj/Tloc      0%         3d8       50%         2

Inventory:

Missiles
 i - 11 stones (quivered)
Armour
 a - a +0 animal skin (worn)
Magical Staves
 e - a staff of earth {!a}
   (You found it on level 1 of the Dungeon)
Talismans
 c - a beast talisman (active)
 d - a flux talisman
Scrolls
 h - a scroll of identify {unknown}
Potions
 b - a potion of lignification {!q}
 f - a potion of degeneration {unknown}
 g - a potion of ambrosia {unknown}

Dungeon Overview and Level Annotations

Branches:
Dungeon (1/15) Zot: 5287

Altars:

############
#..........# ##
#..........######
.#####...............#
.....†.........Kh....+
######...............#
#...............#
#...............#
#...............#
#...............#
#...............#
#..........######


You could see a kobold.


Message History

You take 6 damage, and now have 12/21 hp.
MASSIVE DAMAGE!! (PAUSE) Unknown command.
You closely miss the goblin.
Your tail-slap misses the goblin.
You punch the goblin.
You kill the goblin!
You see here a +3 dagger. 😮 HP[+1]
i - 5 stones Key pressed, stopping explore.
Unknown command. 😕 HP[+7]
You regained 7 hp, and now have 20/21 hp.
You open the door.
There is an open door here.
Key pressed, stopping explore.
No target in view!
No target in view! 😎 HP[+1]
Your hp is fully restored (21).
There is an open door here.
There is an escape hatch in the floor here.
Found a stone staircase leading down.
i - 11 stones (gained 6)
You open the door.
A quokka comes into view.
A frilled lizard and a rat come into view.
There is an open door here.
You miss the quokka.
The frilled lizard hisses angrily.
The rat squeaks loudly.
The quokka misses you.
There are monsters nearby!
You hit the quokka. The quokka bites you.
You closely miss the quokka.
Your tail-slap misses the quokka.
The quokka bites you. 😕 HP[-4]
You take 4 damage, and now have 17/21 hp.
There are monsters nearby!
You barely miss the quokka. The quokka bites you. x2
You are too injured to fight recklessly! 😮 HP[-5]
You take 5 damage, and now have 12/21 hp.
MASSIVE DAMAGE!! (PAUSE)
You hit the quokka.
You kill the quokka!
You hit the rat.
You kill the rat!
The frilled lizard bites you.
* * * LOW HITPOINT WARNING * * *
There is an open door, spattered with blood here.
You see here a quokka corpse.
The frilled lizard closely misses you. 😨 HP[-2]
You take 2 damage, and now have 10/21 hp.
The frilled lizard closely misses you.
A kobold comes into view. It is wielding a +0 club.
The frilled lizard attacks as it pursues you!
The frilled lizard bites you.
* * * LOW HITPOINT WARNING * * *
The kobold shouts!
The frilled lizard attacks as it pursues you!
The frilled lizard closely misses you. The kobold hits you with a +0 club.
* * * LOW HITPOINT WARNING * * *
😨 HP[-1]
You take 1 damage, and now have 9/21 hp.
The kobold attacks as it pursues you! The kobold hits you with a +0 club.
* * * LOW HITPOINT WARNING * * *
Unknown command.
You hit the kobold. The kobold hits you but does no damage.
The frilled lizard barely misses you.
You barely miss the frilled lizard. You tail-slap the frilled lizard.
The kobold hits you with a +0 club.
* * * LOW HITPOINT WARNING * * *
The frilled lizard barely misses you.
You barely miss the kobold.
You tail-slap the kobold, but do no damage.
The kobold misses you.
You barely miss the frilled lizard. The frilled lizard barely misses you.
You closely miss the kobold. The kobold hits you with a +0 club.
* * * LOW HITPOINT WARNING * * *
The frilled lizard closely misses you. 😱 HP[-4]
You take 4 damage, and now have 5/21 hp.
Unknown command.
You completely miss the frilled lizard. The kobold closely misses you.
The frilled lizard bites you.
* * * LOW HITPOINT WARNING * * *
😱 HP[-1]
You take 1 damage, and now have 4/21 hp.
You closely miss the kobold. The kobold hits you with a +0 club.
* * * LOW HITPOINT WARNING * * *
The frilled lizard closely misses you. 😱 HP[-2]
You take 2 damage, and now have 2/21 hp.
You punch the frilled lizard!
You kill the frilled lizard!
The kobold closely misses you.
You miss the kobold. The kobold hits you with a +0 club.
You die...

Skill      XL: |  1 |
---------------+----+-----
Shapeshifting  | 3 |  3.6
Fighting       | |  1.0
Dodging        | |  1.7
Unarmed Combat | |  2.6

Action                     || total
---------------------------++-------
  Melee: Unarmed           ||    45
         Tailslap          ||     4
         Punch             ||     1
   Stab: Sleeping          ||     1
 Armour: Animal skin       ||    28
  Dodge: Dodged            ||    27

Levels and vault maps discovered:
D:1:      dpeg_arrival_signposts, layout_basic, minmay_misc_feat_x,
          dk_noncrumbling_4

Notes
Turn   | Place    | Note
-------+----------+-------------------------------------------
     0 | D:1      | kae the Demonspawn Shapeshifter began the quest for the
                  | Orb.
     0 | D:1      | Reached XP level 1. HP: 15/15 MP: 1/1
     0 | D:1      | magus.rc [v1.11.3]
   145 | D:1      | Reached skill level 3 in Shapeshifting
   175 | D:1      | You pick up a book of Spatial Translocations and begin
                  | reading...
   175 | D:1      | You add the spells Blink, Momentum Strike and Lesser
                  | Beckoning to your library.
   273 | D:1      | Gained mutation: You have a small tail. [demonic ancestry]
   273 | D:1      | Reached XP level 2. HP: 21/21 MP: 2/2
   710 | D:1      | HP: 5/21 [kobold/+0 club (4)]
   712 | D:1      | HP: 2/21 [kobold/+0 club (3)]
   714 | D:1      | Slain by a kobold

Vanquished Creatures
  A dart slug (D:1)
  A ball python (D:1)
  A bat (D:1)
  An endoplasm (D:1)
  2 goblins (D:1)
  3 quokkas (D:1)
  A frilled lizard (D:1)
  3 rats (D:1)
13 creatures vanquished.

Table legend:
 A = Non-vault XP
 B = Vault XP
 C = Vault XP percentage of total XP
 D = Non-vault monster count
 E = Vault monster count
 F = Vault count percentage of total count
                 A         B        C        D         E       F
            +---------+---------+-------+---------+---------+-------
      Total |      37 |       0 |   0.0 |      13 |       0 |   0.0
            +---------+---------+-------+---------+---------+-------
        D:1 |      37 |       0 |   0.0 |      13 |       0 |   0.0
            +---------+---------+-------+---------+---------+-------

Skill      XL: |  1 |
---------------+----+-----
Shapeshifting  | 3 |  3.6
Fighting       | |  1.0
Dodging        | |  1.7
Unarmed Combat | |  2.6

Action                     || total
---------------------------++-------
  Melee: Unarmed           ||    45
         Tailslap          ||     4
         Punch             ||     1
   Stab: Sleeping          ||     1
 Armour: Animal skin       ||    28
  Dodge: Dodged            ||    27

Illustrated notes

Table legend:
 A = Kills in this place as a percentage of kills in the entire game.
 B = Kills by you in this place as a percentage of kills by you in the entire game.
 C = Kills by friends in this place as a percentage of kills by friends in the entire game.
 D = Other kills in this place as a percentage of other kills in the entire game.
 E = Experience gained in this place as a percentage of experience gained in the entire game.
 F = Experience gained in this place divided by the number of levels of this place that you have seen.
                   A       B       C       D       E      F
               +-------+-------+-------+-------+-------+----------------------
         Total | 100.0 | 100.0 |   N/A |   N/A | 100.0 |  37.0
       Dungeon | 100.0 | 100.0 |   N/A |   N/A | 100.0 |  37.0
               +-------+-------+-------+-------+-------+----------------------

Table legend: (Time is in decaauts)
 A = Elapsed time spent in this place.
 B = Non-inter-level travel time spent in this place.
 C = Inter-level travel time spent in this place.
 D = Time resting spent in this place.
 E = Time spent auto-exploring this place.
 F = Levels seen in this place.
 G = Mean time per level.
                   A        B        C        D        E       F      G
               +--------+--------+--------+--------+--------+-----+--------+
         Total |    711 |    711 |      0 |      0 |    615 |   1 |  711.0 |
       Dungeon |    711 |    711 |      0 |      0 |    615 |   1 |  711.0 |
               +--------+--------+--------+--------+--------+-----+--------+

Top non-repeatable levels by time:
     D:1: 711 daAuts
